 Dungeon Sprint DCSS version 0.31.0-10-gcf4a605ca0 (webtiles) character file.

Game seed: 6570518821886841951

6400000 petercordia the Plane Roller (level 27, -53/273 HPs)
             Began as an Armataur Warper on Jan 25, 2024.
             Was the Champion of Makhleb.
             Annihilated by a sculptor of flesh
             ... wielding a +9 great sword
              (248 damage)
             ... in the Dungeon (Sprint VIII: "Arena of Blood").
             The game lasted 00:03:35 (64 turns).

petercordia the Plane Roller (Armataur Warper)        Turns: 64, Time: 00:03:35

Health: -53/273    AC:  8    Str: 16    XL:     27
Magic:  54/54      EV: 14    Int: 18    God:    Makhleb [******]
Gold:   0          SH:  0    Dex: 20    Spells: 80/80 levels left

rFire   + . .        j - +∞ Axe of Woe
rCold   . . .        (shield currently unavailable)
rNeg    . . .        b - +0 leather armour
rPois   .            (no helmet)
rElec   .            (no cloak)
rCorr   .            (no gloves)
SInv    .            (no barding)
Will    ++...        (no amulet)
Stlth   +++++++++    k - ring of protection from fire
HPRegen 5.20/turn    (no ring)
MPRegen 2.65/turn

%: no teleportation, roll
@: marked, held
A: large, deformed body, tough skin 3, armoured tail, roll 2
a: Renounce Religion, Minor Destruction, Lesser Servant of Makhleb, Major
Destruction, Greater Servant of Makhleb


You were in the Dungeon.
You worshipped Makhleb.
Makhleb was exalted by your worship.
You visited 1 branch

Inventory:

Hand Weapons
 a - a +0 hand axe
 j - the +∞ Axe of Woe (weapon)
   (You found it in the Dungeon)
Missiles
 d - 7 darts of dispersal (quivered)
Armour
 b - a +0 leather armour (worn)
Jewellery
 k - a ring of protection from fire (left hand)
Scrolls
 c - 2 scrolls of blinking
Potions
 e - a potion of curing
 f - a potion of heal wounds
 g - a potion of haste
 h - 2 potions of magic
 i - a potion of berserk rage


   Skills:
 O Level 27 Fighting
 + Level 21.0(23.7) Short Blades
 + Level 19.0(22.8) Long Blades
 O Level 27 Axes
 + Level 19.0(27) Maces & Flails
 + Level 17.6(26.2) Polearms
 + Level 19.0(24.7) Staves
 + Level 16.2 Ranged Weapons
 O Level 27 Throwing
 O Level 27 Armour
 O Level 27 Dodging
 + Level 26.4 Stealth
 + Level 24.5 Shields
 + Level 21.0 Unarmed Combat
 O Level 27 Spellcasting
 + Level 21.0 Conjurations
 + Level 21.0 Hexes
 + Level 19.5 Summonings
 + Level 19.5 Necromancy
 O Level 27 Translocations
 + Level 21.0 Fire Magic
 + Level 21.0 Ice Magic
 + Level 21.0 Air Magic
 + Level 21.0 Earth Magic
 + Level 21.0 Alchemy
 + Level 22.7 Invocations
 + Level 22.7 Evocations
 + Level 19.5 Shapeshifting


You had 80 spell levels left.
You didn't know any spells.
Your spell library contained the following spells:

 Spells                   Type           Power      Damage    Failure   Level
 Blink                    Tloc           100%       N/A       0%          2
 Lesser Beckoning         Tloc           100%       N/A       0%          2
 Teleport Other           Tloc           88%        N/A       0%          3
 Manifold Assault         Tloc           88%        N/A       0%          4
 Vhi's Electric Charge    Tloc/Air       100%       N/A       0%          4


Dungeon Overview and Level Annotations

Branches:
Dungeon (1/1)

Altars:
Makhleb

Annotations:
D The Captor


Innate Abilities, Weirdness & Mutations

Armour fits poorly on your strangely shaped body.
You have extremely tough skin. (AC +3)
You have a long armoured tail.
You regenerate magic and health when rolling toward enemies. (Rampage Regen)


Message History

You pulverise the bag of meat into a thin bloody mist.
You kill the bag of meat!
Makhleb accepts your kill.
You feel better.
You are engulfed in blazing flames.
You resist.
A bag of meat comes into view. It is wielding a +9 war axe.
The accursed points at you and mumbles some strange words.
Something smites you!
The Captor gestures at you while chanting.
The stream of webbing hits you but does no damage.
You are caught in a web!
Your base Short Blades skill increases to level 21!
Your base Long Blades skill increases to level 19!
Your base Staves skill increases to level 19!
Your Unarmed Combat skill increases to level 21!
Your Conjurations skill increases to level 21!
Your Hexes skill increases to level 21!
Your Fire Magic skill increases to level 21!
Your Ice Magic skill increases to level 21!
Your Air Magic skill increases to level 21!
Your Earth Magic skill increases to level 21!
Your Alchemy skill increases to level 21!
You have reached level 27, the final one!
Your experience leads to an increase in your attributes!
Increase (S)trength, (I)ntelligence, or (D)exterity?
You feel agile. x2
A meat berserker comes into view. It is wielding a +9 battleaxe.
The web tears apart.
You are engulfed in blazing flames.
You resist.
A meat beast comes into view.
A bag of meat comes into view. It is wielding a +9 war axe.
A meat berserker comes into view. It is wielding a +9 battleaxe.
The Captor casts a spell at you.
The stream of webbing hits you but does no damage.
You are caught in a web!
The meat berserker rages.
The tyrant casts a spell.
The tyrant seems to speed up.
The sculptor of flesh is engulfed in blazing flames.
The sculptor of flesh hits you with a +9 great sword!!!!!
Ouch! That really hurt!
You die...

#....V....#......###....
#.).)#.O..oo.o.....).)##
#))).##....O..#....)..._
#)°)).#z.).o#)...)))#)..
#○§))..###.)L)......#_)<
#))))O##).o.#))..o..#...
#.)))#§§§.).O.#..o.o..._
#..))#§z§....z.....o..##
#.)@)§§@§OO.L....###....
#....§°§.OO..W.....#.o..
#....§§...o...2....#....
#.........#.............
#........#.#.#.....
#......o..#.#Oo.
#..###...#.#o#.. #..
##...#.#O.. #.. ......


You could see a meat beast (fast), 2 tyrants, 2 sculptors of flesh, 2 large bags
of meat, a dread, 7 meat berserkers, The Captor and 8 bags of meat.

Vanquished Creatures
  9 vampire knights (D)
  24 ogres (D)
  3 two-headed ogres (D)
  3 liches (D)
  70 orcs (D)
  A skeletal warrior (D)
110 creatures vanquished.

Notes
Turn   | Place    | Note
-------+----------+-------------------------------------------
     0 | D        | Found the +∞ Axe of Woe
     0 | D        | petercordia the Armataur Warper began the quest for the
                  | Orb.
     0 | D        | Reached XP level 1. HP: 17/17 MP: 3/3
     1 | D        | Noticed a bag of meat
     2 | D        | Noticed a meat berserker
     4 | D        | Became a worshipper of Makhleb the Destroyer
     4 | D        | Noticed a bag of meat
     5 | D        | Killed a bag of meat
     5 | D        | Noticed a bag of meat
     6 | D        | Reached XP level 2. HP: 36/36 MP: 3/12
     6 | D        | Reached XP level 3. HP: 41/41 MP: 3/13
     6 | D        | Reached XP level 4. HP: 49/49 MP: 3/15
     6 | D        | Reached XP level 5. HP: 56/56 MP: 3/16
     6 | D        | Reached XP level 6. HP: 62/62 MP: 3/18
     6 | D        | Gained mutation: You regenerate magic and health when
                  | rolling toward enemies. (Rampage Regen) [Armataur growth]
     6 | D        | Reached XP level 7. HP: 69/69 MP: 3/19
     6 | D        | Reached XP level 8. HP: 75/75 MP: 3/21
     6 | D        | Reached XP level 9. HP: 82/82 MP: 3/22
     6 | D        | Reached XP level 10. HP: 90/90 MP: 3/23
     6 | D        | Killed a meat berserker
     6 | D        | Reached * piety under Makhleb
     7 | D        | Reached skill level 10 in Fighting
     7 | D        | Reached XP level 11. HP: 101/101 MP: 3/26
     7 | D        | Reached XP level 12. HP: 108/108 MP: 3/27
     7 | D        | Noticed a bag of meat
     7 | D        | Noticed a bag of meat
     7 | D        | Noticed a bag of meat
     8 | D        | Killed a bag of meat
     8 | D        | Noticed a bag of meat
     8 | D        | Noticed a meat berserker
     8 | D        | Noticed a bag of meat
     9 | D        | Reached XP level 13. HP: 116/116 MP: 5/29
     9 | D        | Noticed a bag of meat
    10 | D        | Killed a bag of meat
    10 | D        | Killed a bag of meat
    10 | D        | Reached ** piety under Makhleb
    10 | D        | Killed a bag of meat
    10 | D        | Noticed a bag of meat
    11 | D        | Reached skill level 5 in Armour
    11 | D        | Reached skill level 10 in Dodging
    11 | D        | Reached XP level 14. HP: 129/129 MP: 7/31
    11 | D        | Noticed a meat berserker
    11 | D        | Noticed a bag of meat
    12 | D        | Noticed a bag of meat
    12 | D        | Noticed a bag of meat
    12 | D        | Noticed a bag of meat
    12 | D        | Noticed a bag of meat
    12 | D        | Noticed a bag of meat
    12 | D        | Noticed a bag of meat
    13 | D        | Killed a bag of meat
    13 | D        | Killed a bag of meat
    13 | D        | Reached *** piety under Makhleb
    13 | D        | Noticed a bag of meat
    13 | D        | Noticed a bag of meat
    13 | D        | Noticed a bag of meat
    14 | D        | Reached skill level 15 in Axes
    14 | D        | Noticed a meat berserker
    14 | D        | Noticed a bag of meat
    15 | D        | Noticed a bag of meat
    15 | D        | Noticed a meat berserker
    15 | D        | Noticed a bag of meat
    15 | D        | Noticed a bag of meat
    16 | D        | Noticed a bag of meat
    16 | D        | Noticed a bag of meat
    16 | D        | Killed a bag of meat
    17 | D        | Reached skill level 15 in Fighting
    17 | D        | Reached skill level 27 in Translocations
    17 | D        | Noticed a bag of meat
    17 | D        | Noticed a meat berserker
    17 | D        | Noticed a bag of meat
    17 | D        | Noticed a meat berserker
    17 | D        | Killed a bag of meat
    17 | D        | Killed a bag of meat
    17 | D        | Reached **** piety under Makhleb
    17 | D        | Killed a meat berserker
    17 | D        | Noticed a meat berserker
    17 | D        | Noticed a bag of meat
    17 | D        | Noticed a bag of meat
    17 | D        | Noticed a bag of meat
    17 | D        | Noticed a destroyer
    17 | D        | Noticed a bag of meat
    17 | D        | Noticed a meat berserker
    17 | D        | Noticed a meat berserker
    17 | D        | Noticed a bag of meat
    18 | D        | Reached skill level 5 in Throwing
    18 | D        | Reached skill level 15 in Spellcasting
    18 | D        | Reached XP level 15. HP: 53/149 MP: 18/34
    18 | D        | Noticed a meat berserker
    18 | D        | Noticed a meat berserker
    18 | D        | Noticed a meat berserker
    18 | D        | Noticed a meat berserker
    18 | D        | Noticed a destroyer
    19 | D        | Noticed a meat berserker
    20 | D        | Reached XP level 16. HP: 124/160 MP: 22/36
    20 | D        | Noticed a meat berserker
    20 | D        | Killed a meat berserker
    20 | D        | Reached ***** piety under Makhleb
    21 | D        | Noticed a destroyer
    21 | D        | Killed a destroyer
    21 | D        | Killed a meat berserker
    22 | D        | Reached XP level 17. HP: 139/178 MP: 27/39
    22 | D        | Killed a meat berserker
    22 | D        | Killed a meat berserker
    22 | D        | Killed a meat berserker
    23 | D        | Reached skill level 27 in Axes
    23 | D        | Reached skill level 10 in Armour
    23 | D        | Reached skill level 15 in Dodging
    24 | D        | Noticed a destroyer
    25 | D        | Reached ****** piety under Makhleb
    26 | D        | Reached skill level 27 in Fighting
    26 | D        | Reached XP level 18. HP: 200/200 MP: 35/44
    26 | D        | Killed a meat berserker
    26 | D        | Killed a meat berserker
    26 | D        | Killed a meat berserker
    27 | D        | Reached XP level 19. HP: 207/207 MP: 37/49
    27 | D        | Noticed a meat berserker
    28 | D        | Noticed a destroyer
    29 | D        | Killed a meat berserker
    30 | D        | Reached skill level 15 in Throwing
    30 | D        | Reached skill level 15 in Armour
    30 | D        | Reached skill level 27 in Spellcasting
    30 | D        | Noticed a destroyer
    31 | D        | Killed a meat berserker
    31 | D        | Noticed a meat berserker
    32 | D        | Reached skill level 27 in Dodging
    32 | D        | Killed a meat berserker
    32 | D        | Killed a meat berserker
    33 | D        | Reached XP level 20. HP: 216/216 MP: 51/51
    33 | D        | Killed a meat berserker
    35 | D        | Killed a destroyer
    35 | D        | Killed a destroyer
    35 | D        | Killed a meat berserker
    36 | D        | Reached skill level 27 in Throwing
    36 | D        | Reached skill level 27 in Armour
    36 | D        | Reached XP level 21. HP: 224/224 MP: 52/52
    36 | D        | Killed a destroyer
    37 | D        | Reached skill level 5 in Polearms
    37 | D        | Reached skill level 5 in Ranged Weapons
    38 | D        | Reached skill level 10 in Stealth
    38 | D        | Killed a destroyer
    38 | D        | Noticed a large bag of meat
    38 | D        | Noticed a destroyer
    39 | D        | Reached skill level 10 in Shields
    39 | D        | Noticed a destroyer
    40 | D        | Reached skill level 10 in Short Blades
    40 | D        | Reached skill level 10 in Unarmed Combat
    40 | D        | Reached skill level 10 in Conjurations
    40 | D        | Reached skill level 10 in Hexes
    40 | D        | Reached skill level 10 in Fire Magic
    40 | D        | Reached skill level 10 in Ice Magic
    40 | D        | Reached skill level 10 in Air Magic
    40 | D        | Reached skill level 10 in Earth Magic
    40 | D        | Reached skill level 10 in Alchemy
    40 | D        | Reached skill level 10 in Invocations
    40 | D        | Reached skill level 10 in Evocations
    40 | D        | Reached XP level 22. HP: 233/233 MP: 53/53
    41 | D        | Killed a destroyer
    42 | D        | Reached skill level 10 in Long Blades
    42 | D        | Reached skill level 10 in Maces & Flails
    42 | D        | Reached skill level 10 in Staves
    42 | D        | Reached skill level 15 in Stealth
    43 | D        | Noticed a tyrant
    44 | D        | Killed a large bag of meat
    45 | D        | Reached skill level 10 in Polearms
    45 | D        | Reached skill level 10 in Ranged Weapons
    45 | D        | Reached skill level 15 in Shields
    45 | D        | Reached XP level 23. HP: 190/240 MP: 54/54
    46 | D        | Reached skill level 15 in Invocations
    46 | D        | Reached skill level 15 in Evocations
    46 | D        | Killed a destroyer
    47 | D        | Reached skill level 15 in Short Blades
    47 | D        | Reached skill level 15 in Unarmed Combat
    47 | D        | Reached skill level 15 in Conjurations
    47 | D        | Reached skill level 15 in Hexes
    47 | D        | Reached skill level 15 in Fire Magic
    47 | D        | Reached skill level 15 in Ice Magic
    47 | D        | Reached skill level 15 in Air Magic
    47 | D        | Reached skill level 15 in Earth Magic
    47 | D        | Reached skill level 15 in Alchemy
    47 | D        | Reached XP level 24. HP: 236/249 MP: 54/54
    48 | D        | Noticed a tyrant
    49 | D        | Noticed a destroyer
    50 | D        | Reached skill level 15 in Summonings
    50 | D        | Reached skill level 15 in Necromancy
    50 | D        | Reached skill level 15 in Shapeshifting
    50 | D        | Noticed a large bag of meat
    50 | D        | Noticed a destroyer
    50 | D        | Noticed a large bag of meat
    51 | D        | Reached skill level 15 in Long Blades
    51 | D        | Reached skill level 15 in Maces & Flails
    51 | D        | Reached skill level 15 in Staves
    51 | D        | Reached XP level 25. HP: 257/257 MP: 54/54
    52 | D        | Killed a tyrant
    52 | D        | Noticed a large bag of meat
    53 | D        | Reached skill level 15 in Polearms
    53 | D        | Killed a tyrant
    54 | D        | Noticed an accursed
    54 | D        | Killed a destroyer
    55 | D        | Noticed a large bag of meat
    56 | D        | Noticed a tyrant
    57 | D        | Reached XP level 26. HP: 266/266 MP: 54/54
    57 | D        | Noticed The Captor
    58 | D        | Noticed a large bag of meat
    58 | D        | Killed a large bag of meat
    59 | D        | Reached skill level 15 in Ranged Weapons
    59 | D        | Killed a destroyer
    60 | D        | Killed a large bag of meat
    61 | D        | Killed a tyrant
    61 | D        | Noticed a tyrant
    62 | D        | Noticed a tyrant
    62 | D        | Noticed a dread
    64 | D        | Reached XP level 27. HP: 195/273 MP: 54/54
    64 | D        | Noticed a meat beast
    64 | D        | Annihilated by a sculptor of flesh

Illustrated notes

Levels and vault maps discovered:
D:        meatsprint

Skill      XL: |  1  2  3  4  5  6  7  8  9 10 11 12 13 14 15 16 17 18 19 20 21 22 23 24 25 26 |
---------------+-------------------------------------------------------------------------------+-----
Fighting       | 8 10 11 13 18 19 22 27 | 27.0
Axes           | 8 11 12 14 19 21 25 27 | 27.0
Throwing       | 2 3 5 7 9 12 24 27 | 27.0
Armour         | 3 4 5 7 9 11 14 23 27 | 27.0
Dodging        | 6 8 9 10 12 13 14 17 21 27 | 27.0
Spellcasting   | 9 11 12 13 15 16 18 22 26 27 | 27.0
Translocations | 17 21 22 25 27 | 27.0
Short Blades   | 10 13 15 17 19 21 | 21.0
Long Blades    | 9 11 13 15 17 19 | 19.0
Maces & Flails | 9 11 13 15 17 19 | 19.0
Polearms       | 8 10 12 14 16 17 | 17.6
Staves         | 9 11 13 15 17 19 | 19.0
Ranged Weapons | 7 10 11 13 14 16 | 16.2
Stealth        | 12 16 19 21 24 26 | 26.4
Shields        | 11 15 17 20 22 24 | 24.5
Unarmed Combat | 10 13 15 17 19 21 | 21.0
Conjurations   | 10 13 15 17 19 21 | 21.0
Hexes          | 10 13 15 17 19 21 | 21.0
Summonings     | 9 12 14 15 17 19 | 19.5
Necromancy     | 9 12 14 15 17 19 | 19.5
Fire Magic     | 10 13 15 17 19 21 | 21.0
Ice Magic      | 10 13 15 17 19 21 | 21.0
Air Magic      | 10 13 15 17 19 21 | 21.0
Earth Magic    | 10 13 15 17 19 21 | 21.0
Alchemy        | 10 13 15 17 19 21 | 21.0
Invocations    | 10 14 16 18 20 22 | 22.7
Evocations     | 10 14 16 18 20 22 | 22.7
Shapeshifting  | 9 12 14 15 17 19 | 19.5

Action                     |  1- 3 |  4- 6 |  7- 9 | 10-12 | 13-15 | 16-18 | 19-21 | 22-24 | 25-27 || total
---------------------------+-------+-------+-------+-------+-------+-------+-------+-------+-------++-------
  Melee: Executioner's axe |     1 |       |       |     2 |     6 |     5 |     9 |     7 |    11 ||    41
 Armour: Leather armour    |       |       |       |       |     5 |     2 |     1 |    13 |    14 ||    35
  Dodge: Dodged            |       |       |       |       |       |     2 |     2 |     3 |       ||     7
